 Dungeon Crawl Stone Soup version 0.19.3-4-gbf9329e (console) character file.

96 Kloppie the Shield-Bearer (level 4, -13/35 HPs)
             Began as a Formicid Fighter on Jan 26, 2017.
             Killed by divine providence
             ... invoked by an orc priest
              (15 damage)
             ... on level 2 of the Dungeon.
             The game lasted 00:02:09 (1749 turns).

Kloppie the Shield-Bearer (Formicid Fighter)        Turns: 1749, Time: 00:02:09

Health: -13/35     AC: 10    Str: 26    XL:     4   Next: 98%
Magic:  4/4        EV:  8    Int:  7    God:
Gold:   153        SH: 10    Dex: 11    Spells: 0 memorised, 3 levels left

rFire  . . .     SeeInvis +     a - +0 war axe
rCold  . . .     Gourm    .     b - +0 scale mail
rNeg   . . .     Faith    .     c - +0 shield
rPois  .         Spirit   .     (helmet unavailable)
rElec  .         Reflect  .     (no cloak)
rCorr  +         Harm     .     t - +0 pair of gloves
MR     .....                    (no boots)
Stlth  ..........               (no amulet)
                                n - ring of resist corrosion
                                p - +2 ring of protection

@: mighty
A: permanent stasis, dig shafts and tunnels, four strong arms, antennae 3
a: Dig, Shaft Self


You were on level 2 of the Dungeon.
You were not hungry.

You visited 1 branch of the dungeon, and saw 3 of its levels.

You collected 153 gold pieces.

Inventory:

Hand Weapons
 a - a +0 war axe (weapon)
Armour
 b - a +0 scale mail (worn)
 c - a +0 shield (worn)
 t - a +0 pair of gloves (worn)
Jewellery
 m - an uncursed ring of stealth
 n - a ring of resist corrosion (right hand)
 p - a +2 ring of protection (left hand)
 v - an uncursed ring of ice
Scrolls
 g - a scroll of blinking {unknown}
 h - 2 scrolls of remove curse {unknown}
 i - 2 scrolls of fog {unknown}
 j - 4 scrolls of identify {unknown}
 r - a scroll of teleportation {unknown}
 u - a scroll of enchant weapon {unknown}
Potions
 e - a potion of lignification {unknown}
 l - 2 potions of curing {unknown}
 o - a potion of experience {unknown}
 q - 2 potions of mutation {unknown}
 s - 2 potions of heal wounds {unknown}
Comestibles
 f - 3 bread rations
 k - 2 meat rations


   Skills:
 - Level 3.2 Fighting
 + Level 3.4 Axes
 - Level 3.2 Armour
 + Level 5.2 Shields


You had 3 spell levels left.
You didn't know any spells.

Dungeon Overview and Level Annotations

Branches:
Dungeon (3/15)

Altars:
Uskayaw


Innate Abilities, Weirdness & Mutations

You are under a permanent stasis effect.
You can dig through walls and to a lower floor.
Your four strong arms can wield two-handed weapons with a shield.
You have a pair of large antennae on your head. (SInv)


Message History

You are too injured to fight recklessly!
You are too injured to fight recklessly!
You feel very mighty all of a sudden.
The frilled lizard bites you but does no damage.
The orc hits you but does no damage.
You hit the frilled lizard.
You kill the frilled lizard!
You hit the orc. The orc hits you but does no damage.
You slash the orc!
You kill the orc!
You barely miss the orc. The orc hits you but does no damage.
The orc priest mumbles some strange prayers to Beogh against you.
Pain shoots through your body!
* * * LOW HITPOINT WARNING * * *
The orc hits you with a club.
* * * LOW HITPOINT WARNING * * *
The hobgoblin hits you but does no damage.
The orc priest calls down the wrath of Beogh upon you.
Beogh smites you!
You die...

#.#.......# #.# #....##
###.#.......###.# #....#
#.<.#...........###...>#
#.###.......###..###.#.##
#.# #..>....# #......#...
#.# #.......###..########
#.# #....o......## #####
#.# ####g####.#.#####....
#.# #@# #.#.......### #.#
#o# #.######### #.# #o#
##.# ##.# #.# #..# #..#
#.# #.## #.## #.# #.# #.#
#.# #.# #.# #.# #.#
######## #.# #.###.#
#.......


You could see an orc priest, 2 orcs and a hobgoblin.

Vanquished Creatures
  An orc wizard (D:2)
  An adder (D:2)
  2 worms (D:2)
  2 dart slugs
  2 leopard geckos (D:1)
  4 orcs (D:2)
  A giant cockroach (D:1)
  7 goblins
  2 hobgoblins
  6 jackals (D:1)
  3 kobolds
  A ball python (D:1)
  5 bats
  5 frilled lizards
  4 rats
46 creatures vanquished.

Notes
Turn   | Place    | Note
-------+----------+-------------------------------------------
     0 | D:1      | Kloppie the Formicid Fighter began the quest for the Orb.
     0 | D:1      | Reached XP level 1. HP: 18/18 MP: 1/1
    66 | D:1      | Reached XP level 2. HP: 24/24 MP: 2/2
    85 | D:1      | Reached skill level 4 in Shields
   367 | D:1      | Reached XP level 3. HP: 29/29 MP: 3/3
   841 | D:2      | Found a hide-covered altar of Uskayaw.
   927 | D:2      | Reached XP level 4. HP: 28/35 MP: 4/4
  1479 | D:2      | Reached skill level 5 in Shields
  1749 | D:2      | Killed from afar by an orc priest

Skill      XL: |  1  2  3  4 |
---------------+-------------+-----
Shields        | 4 5 |  5.2
Axes           | 3 |  3.4
Fighting       | |  3.2
Armour         | |  3.2

Action                   |  1- 3 |  4- 6 || total
-------------------------+-------+-------++-------
Melee: War axe           |    85 |    36 ||   121
  Use: Potion            |       |     1 ||     1
  Eat: Chunk             |       |     3 ||     3
Armor: Scale mail        |    40 |    15 ||    55
Dodge: Dodged            |    32 |    14 ||    46
Block: Shield            |    49 |    19 ||    68
